 Dungeon Crawl Stone Soup version 0.23-a0-481-g60b89c1 (webtiles) character file.

3110 ShrewdGherkins the Grappler (level 9, -4/91 HPs)
             Began as a Troll Fighter on Nov 29, 2018.
             Was a Believer of Okawaru.
             Slain by a two-headed ogre
             ... wielding a +0 giant spiked club
              (18 damage)
             ... on level 8 of the Dungeon.
             The game lasted 00:10:59 (6276 turns).

ShrewdGherkins the Grappler (Troll Fighter)         Turns: 6276, Time: 00:11:00

Health: -4/91      AC:  5    Str: 26    XL:     9   Next: 60%
Magic:  8/8        EV:  9    Int:  7    God:    Okawaru [**....]
Gold:   389        SH: 12    Dex:  9    Spells: 8/8 levels left

rFire    . . .     SeeInvis .     - Unarmed
rCold    . . .     Gourm    +   b - +0 shield
rNeg     . . .     Faith    .   a - +0 robe
rPois    .         Spirit   .   (helmet restricted)
rElec    .         Reflect  +   (no cloak)
rCorr    .         Harm     .   (gloves unavailable)
MR       .....                  (boots unavailable)
Stlth    +.........             w - +2 amulet of reflection
HPRegen  0.65/turn              (no ring)
MPRegen  0.11/turn              (no ring)

@: no status effects
A: large, unfitting armour, claws 3, fast metabolism 3, gourmand, regeneration
1, shaggy fur 1, tough skin 2
a: Heroism, Renounce Religion


You were on level 8 of the Dungeon.
You worshipped Okawaru.
Okawaru was pleased with you.
You were very full.

You visited 2 branches of the dungeon, and saw 9 of its levels.
You also visited: Sewer.

You collected 389 gold pieces.

Inventory:

Hand Weapons
 x - a +3 rapier of electrocution
 y - the +5 dagger "Viyll" {drain, rPois}
   (You found it on level 6 of the Dungeon)

   A truly terrible weapon, it drains the life of those it strikes.
   It protects you from poison.
Armour
 a - a +0 robe (worn)
 b - a +0 shield (worn)
Jewellery
 w - a +2 amulet of reflection (around neck)
Wands
 l - a wand of flame (13)
 p - a wand of iceblast (18)
 t - a wand of enslavement (5)
Scrolls
 f - 5 scrolls of teleportation
 h - a scroll of magic mapping
 m - 3 scrolls of blinking
 o - a scroll of remove curse
 r - 2 scrolls of enchant weapon
Potions
 c - 4 potions of might
 e - 2 potions of mutation
 g - 3 potions of haste
 i - 3 potions of brilliance {unknown}
 j - a potion of berserk rage {unknown}
 k - 4 potions of flight
 n - 6 potions of curing
 q - 3 potions of resistance {unknown}
 s - a potion of heal wounds {unknown}
 u - a potion of cancellation {unknown}
 v - a potion of agility {unknown}
Comestibles
 d - 13 rations
 z - 3 chunks of flesh


   Skills:
 + Level 6.3 Fighting
 - Level 2.4 Dodging
 + Level 5.4 Shields
 * Level 10.1 Unarmed Combat


You had 8 spell levels left.
You didn't know any spells.
Your spell library was empty.

Dungeon Overview and Level Annotations

Branches:
Dungeon (8/15)             Temple (1/1) D:7
   Lair: D:8-11

Altars:
Ashenzari
Cheibriados
Dithmenos
Elyvilon
Fedhas
Gozag
Hepliaklqana
Kikubaaqudgha
Makhleb
Nemelex Xobeh
Okawaru
Qazlal
Ru
Sif Muna
Trog
Uskayaw
Vehumet
Wu Jian
Xom
Yredelemnul
Zin
The Shining One

Shops:
D:4 *


Innate Abilities, Weirdness & Mutations

You are too large for most types of armour.
You have claws for hands.
Your metabolism is lightning-fast.
You like to eat raw meat.
Your natural rate of healing is unusually fast.
You are covered in fur. (AC +1)
You have very tough skin. (AC +2)


Message History

No target in view!
You now have 375 gold pieces (gained 9).
You now have 389 gold pieces (gained 14).
A two-headed ogre comes into view.
It is wielding two +0 giant spiked clubs.
The two-headed ogre shouts in stereo!
You hear a bellow!
You hear a shout!
You hear an angry buzzing noise. x2
A two-headed ogre is nearby!
A porcupine comes into view.
The two-headed ogre hits you with a +0 giant spiked club!
The two-headed ogre hits you with a +0 giant spiked club!!
You are too injured to fight recklessly!
You are too injured to fight recklessly!
You are too injured to fight recklessly!
You are too injured to fight recklessly!
You are too injured to fight recklessly!
You are too injured to fight recklessly!
The two-headed ogre hits you with a +0 giant spiked club!!
* * * LOW HITPOINT WARNING * * *
The two-headed ogre hits you with a +0 giant spiked club!!
You die...

#........#####
#..###.#.# #........#
#....#.### ##......#
......#.#.#
#...[.#.#.########
#.....#.#.##..rO.#
#.....#.#.##.###@#
#..##.#r#.#<.###.#
.....(..#.###....#
#.#..#..#.###.##.#
#.............#########
###.#.รท.#..........>..#
......))#############.#
##.###))#.....# #.#
#.....>##.##.# #.#


You could see a two-headed ogre and a porcupine.

Vanquished Creatures
  Eustachio (D:5)
  2 hungry ghosts (D:7)
  A porcupine (D:8)
  An ice beast (D:5)
  An orc warrior (D:7)
  2 phantoms
  3 ogres
  2 centaurs
  A crocodile (D:8)
  5 bullfrogs
  A gnoll sergeant (D:8)
  A wyvern zombie (D:7)
  2 scorpions (D:6)
  3 killer bees (D:7)
  An electric eel (D:7)
  2 howler monkeys (D:7)
  A bullfrog zombie (D:6)
  2 crimson imps
  2 hounds
  2 jellies (D:5)
  6 orc priests
  A bullfrog skeleton (D:4)
  Ijyb (D:2)
  2 orc wizards (D:5)
  2 worker ants
  A killer bee zombie (D:6)
  2 hound skeletons
  2 worker ant zombies
  10 gnolls
  8 adders
  A shadow imp (D:7)
  5 oozes
  An adder zombie (D:7)
  5 worms
  2 dart slugs
  2 leopard geckos
  20 orcs
  10 giant cockroaches
  6 hobgoblins
  4 jackals (Sewer)
  3 quokkas
  3 ball pythons
  13 bats
  9 frilled lizards
  11 goblins
  7 kobolds
  A leopard gecko skeleton (D:4)
  A leopard gecko zombie (D:6)
  A quokka skeleton (D:6)
  8 rats
184 creatures vanquished.

Vanquished Creatures (others)
  5 fungi (D:8)
  16 plants (D:8)
21 creatures vanquished.

Grand Total: 205 creatures vanquished

Notes
Turn   | Place    | Note
-------+----------+-------------------------------------------
     0 | D:1      | ShrewdGherkins the Troll Fighter began the quest for the
                  | Orb.
     0 | D:1      | Reached XP level 1. HP: 22/22 MP: 0/0
   253 | D:1      | Reached XP level 2. HP: 18/29 MP: 1/1
   424 | D:1      | Reached skill level 3 in Unarmed Combat
   538 | D:2      | Reached XP level 3. HP: 36/36 MP: 2/2
  1051 | D:2      | Reached XP level 4. HP: 45/45 MP: 3/3
  1312 | D:3      | Noticed Ijyb
  1335 | D:2      | Killed Ijyb
  1335 | D:2      | Reached skill level 4 in Unarmed Combat
  1480 | D:3      | Reached XP level 5. HP: 53/53 MP: 4/4
  1822 | D:3      | Found a white marble altar of Elyvilon.
  2077 | D:4      | Reached skill level 5 in Unarmed Combat
  2169 | D:4      | Found Tecuel's Elemental Accessories.
  2289 | D:4      | Found a glowing drain.
  2310 | Sewer    | Entered a sewer
  2347 | Sewer    | Reached XP level 6. HP: 62/62 MP: 5/5
  3222 | D:5      | Entered Level 5 of the Dungeon
  3373 | D:5      | Reached skill level 6 in Unarmed Combat
  3399 | D:5      | Reached XP level 7. HP: 39/70 MP: 6/6
  3570 | D:5      | Noticed Eustachio
  3576 | D:5      | Killed Eustachio
  3726 | D:5      | Reached skill level 7 in Unarmed Combat
  4076 | D:5      | Reached XP level 8. HP: 63/79 MP: 7/7
  4136 | D:6      | Got an iridescent dagger
  4137 | D:6      | Identified the +5 dagger "Viyll" {drain, rPois} (You found
                  | it on level 6 of the Dungeon)
  4165 | D:6      | Reached skill level 5 in Fighting
  4413 | D:6      | Reached skill level 8 in Unarmed Combat
  4787 | D:7      | Found a staircase to the Ecumenical Temple.
  4914 | Temple   | Entered the Ecumenical Temple
  5150 | Temple   | Became a worshipper of Warmaster Okawaru
  5435 | D:7      | Reached skill level 9 in Unarmed Combat
  5437 | D:7      | Reached XP level 9. HP: 85/89 MP: 8/8
  5526 | D:7      | Reached * piety under Okawaru
  5722 | D:7      | Reached skill level 5 in Shields
  6129 | D:8      | Reached ** piety under Okawaru
  6145 | D:8      | Reached skill level 10 in Unarmed Combat
  6247 | D:8      | Noticed a two-headed ogre
  6276 | D:8      | Slain by a two-headed ogre

Vault maps used:
D:1:      zelgadis_glass_arrival_small
D:2:      first_ration, serial_forest, infiniplex_forest_clump_small,
          infiniplex_forest_end_3, infiniplex_forest_pool,
          infiniplex_forest_lined_corner, infiniplex_forest_fountain
D:3:      nicolae_overflow_crystal_walls, uniq_ijyb
D:4:      cheibrodos_sewer_entry_bend, nicolae_elemental_shop
D:5:      uniq_eustachio
D:6:      grunt_decor_arrowhead, minmay_misc_feat_alley, minmay_curled_crystal
D:7:      minmay_temple_entry_glassed_door, kennysheep_pointless_box,
          nrook_pool_corridor
D:8:      minmay_lair_entry_grove, serial_shops, shop, special_room,
          uniq_maurice
Temple:   nicolae_temple_the_god_donut
Sewer:    sewer_fruit_machine

Skill      XL: |  1  2  3  4  5  6  7  8  9 |
---------------+----------------------------+-----
Unarmed Combat | 3 4 5 6 7 9 10 | 10.1
Fighting       | 3 4 5 6 |  6.3
Shields        | 3 4 5 |  5.4
Dodging        | |  2.4

Action                   |  1- 3 |  4- 6 |  7- 9 || total
-------------------------+-------+-------+-------++-------
Melee: Unarmed           |    96 |   225 |   299 ||   620
Evoke: Wand              |       |     8 |     2 ||    10
  Use: Scroll            |     4 |     6 |     5 ||    15
 Stab: Sleeping          |       |     1 |       ||     1
  Eat: Chunk             |    15 |    23 |    35 ||    73
Armor: Robe              |    17 |    78 |    47 ||   142
Dodge: Dodged            |    33 |    69 |    60 ||   162
Block: Shield            |    32 |   101 |   134 ||   267

Table legend:
 A = Non-vault XP
 B = Vault XP
 C = Vault XP percentage of total XP
 D = Non-vault monster count
 E = Vault monster count
 F = Vault count percentage of total count
                 A         B        C        D         E       F
            +---------+---------+-------+---------+---------+-------
      Total |    3882 |     562 |  12.6 |     154 |      30 |  16.3
            +---------+---------+-------+---------+---------+-------
        D:1 |      40 |       0 |   0.0 |      19 |       0 |   0.0
        D:2 |      61 |      35 |  36.5 |      21 |       1 |   4.5
        D:3 |      96 |       0 |   0.0 |      25 |       0 |   0.0
        D:4 |     217 |       5 |   2.3 |      15 |       1 |   6.2
        D:5 |     708 |     197 |  21.8 |      18 |       1 |   5.3
        D:6 |     597 |       0 |   0.0 |      16 |       0 |   0.0
        D:7 |    1708 |       0 |   0.0 |      30 |       0 |   0.0
        D:8 |     455 |     248 |  35.3 |      10 |       2 |  16.7
      Sewer |       0 |      77 | 100.0 |       0 |      25 | 100.0
            +---------+---------+-------+---------+---------+-------
